 Dungeon Crawl Stone Soup version 0.27.1-3-gb3d3a73c9e (webtiles) character file.

Game seed: 9374683809584536148

2 ABBCCCDDDD the Sneak (level 1, -1/20 HPs)
             Began as a Deep Dwarf Delver on Oct 22, 2021.
             Slain by a scorpion (4 damage)
             ... on level 3 of the Dungeon on Oct 24, 2021.
             The game lasted 00:03:22 (205 turns).

ABBCCCDDDD the Sneak (Deep Dwarf Delver)             Turns: 205, Time: 00:03:22

Health: -1/20      AC:  3    Str: 15    XL:     1   Next: 25%
Magic:  1/1        EV: 12    Int: 10    God:
Gold:   32         SH:  0    Dex: 14    Spells: 0/0 levels left

rFire    . . .     SeeInvis .   a - +0 hand axe
rCold    . . .     Faith    .   (no shield)
rNeg     . . .     Spirit   .   b - +0 leather armour
rPois    .         Reflect  .   (no helmet)
rElec    .         Harm     .   (no cloak)
rCorr    .         Rampage  .   (no gloves)
Will     .....                  (no boots)
Stlth    +++.......             (no amulet)
HPRegen  0.00/turn              (no ring)
MPRegen  0.07/turn              (no ring)

@: no status effects
A: damage resistance, heal wounds, sense surroundings 1, no regeneration
a: Heal Wounds


You were on level 3 of the Dungeon.
You visited 1 branch of the dungeon, and saw 4 of its levels.

You collected 32 gold pieces.

Inventory:

Hand Weapons
 a - a +0 hand axe (weapon)
Armour
 b - a +0 leather armour (worn)
Wands
 g - a wand of digging (1)
Scrolls
 c - a scroll of fog
 i - a scroll of teleportation {unknown}
 j - a scroll of brand weapon {unknown}
Potions
 f - a potion of haste
 h - a potion of flight {unknown}


   Skills:
 - Level 2.6 Fighting
 + Level 2.2 Axes
 + Level 0.2 Armour
 + Level 2.2 Dodging
 - Level 6.0 Stealth


You couldn't memorise any spells.
You didn't know any spells.
Your spell library was empty.

Dungeon Overview and Level Annotations

Branches:
Dungeon (6/15)
 Temple: D:4-7

Altars:
Cheibriados


Innate Abilities, Weirdness & Mutations

You are resistant to damage.
You can heal yourself by infusing magical energy.
You passively map a small area around you.
You do not regenerate.


Message History

The hound bites you. The jelly closely misses you.
Found a scroll labelled UMOPOI ISUTHRAIF.
Found an escape hatch in the ceiling.
Found a stone staircase leading up.
The hound closely misses you. The hound bites you.
The hound closely misses you.
Found a scroll labelled FORAICSA GONKOF.
There is a stone staircase leading up here.
The hound bites you. The hound barely misses you.
You climb upwards.
There is a stone staircase leading down here.
A scorpion comes into view.
The hound bites you. The hound bites you but does no damage.
The hound closely misses you.
Okay, then.
As you read the scroll of fear, it crumbles to dust.
You assume a fearsome visage.
The hound looks frightened!
The scorpion completely misses you.
You hit the scorpion but do no damage. The scorpion misses you.
You closely miss the scorpion.
The scorpion stings you but does no damage. x2
You hit the scorpion.
The scorpion is lightly wounded.
The scorpion closely misses you.
You hit the scorpion but do no damage.
The scorpion is lightly wounded.
The scorpion closely misses you. The scorpion stings you!
You hit the scorpion but do no damage.
The scorpion is lightly wounded.
The scorpion completely misses you.
You barely miss the scorpion.
The scorpion is lightly wounded.
The scorpion stings you but does no damage.
You closely miss the scorpion.
The scorpion is lightly wounded.
The scorpion stings you.
* * * LOW HITPOINT WARNING * * *
The scorpion stings you.
You die...

* ,, * , ,* , , ,*
######## * #......# *
, #.####.# , ,* ,
>......# , , , ,,,,
.......#############
h..............s@..#,
......####.#.#####.#
......# #.#.# * * # ,
......# #.#.#, ,
......# *#.#.#, ,,
......# ,..#.#,, ,
#+#####, ###.#** * *
, , ..#* , , ,* ### ,
,


You could see a scorpion.

Levels and vault maps discovered:
D:3:      layout_basic, shapermc_ecumenical_altar_notcrosses,
          due_unseen_surprise
D:4:      layout_loops_cross, mainiacjoe_overflow_small_starburst,
          nicolae_overflow_hidden_temple, lemuel_crystal_altar, serial_shops,
          nicolae_shop_trees, shop, nicolae_shop_overgrown_old_shop
D:5:      layout_loops_cross, old_standard_altar, mainiacjoe_overflow_chevrons,
          grunt_dithmenos_smoke_and_mirrors
D:6:      corexii_shack_village, layout_cave_pools, lemuel_doored_altar,
          mainiacjoe_overflow_big_doors, enter_ossuary_5, serial_bayou_ford_a

Notes
Turn   | Place    | Note
-------+----------+-------------------------------------------
     0 | D:5      | ABBCCCDDDD the Deep Dwarf Delver began the quest for the
                  | Orb.
     0 | D:5      | Reached XP level 1. HP: 20/20 MP: 1/1
    20 | D:4      | Noticed a phantom
   126 | D:4      | Found a snail-covered altar of Cheibriados.
   128 | D:4      | Noticed a jelly
   165 | D:4      | Noticed a hound
   168 | D:4      | Noticed a jelly
   182 | D:3      | Noticed a scorpion
   205 | D:3      | Slain by a scorpion

Table legend: (Time is in decaauts)
 A = Elapsed time spent in this place.
 B = Non-inter-level travel time spent in this place.
 C = Inter-level travel time spent in this place.
 D = Time resting spent in this place.
 E = Time spent auto-exploring this place.
 F = Levels seen in this place.
 G = Mean time per level.
                   A        B        C        D        E       F      G
               +--------+--------+--------+--------+--------+-----+--------+
         Total |    207 |    207 |      0 |      0 |      0 |   4 |   51.8 |
       Dungeon |    207 |    207 |      0 |      0 |      0 |   4 |   51.8 |
               +--------+--------+--------+--------+--------+-----+--------+

Top non-repeatable levels by time:
     D:4: 94 daAuts
     D:5: 86 daAuts
     D:3: 24 daAuts
     D:6: 1 daAuts

Table legend:
 A = Kills in this place as a percentage of kills in entire the game.
 B = Kills by you in this place as a percentage of kills by you in the entire game.
 C = Kills by friends in this place as a percentage of kills by friends in the entire game.
 D = Other kills in this place as a percentage of other kills in the entire game.
 E = Experience gained in this place as a percentage of experience gained in the entire game.
 F = Experience gained in this place divided by the number of levels of this place that you have seen.
                   A       B       C       D       E      F
               +-------+-------+-------+-------+-------+----------------------
         Total | 100.0 | 100.0 |   N/A |   N/A | 100.0 |   0.8
       Dungeon | 100.0 | 100.0 |   N/A |   N/A | 100.0 |   0.8
               +-------+-------+-------+-------+-------+----------------------

Action                   || total
-------------------------++-------
Melee: Hand axe          ||    10
Evoke: Wand              ||     2
  Use: Scroll            ||     2
Armor: Leather armour    ||     4
Dodge: Dodged            ||    13

Vanquished Creatures
  An orc (D:4)
1 creature vanquished.
